 Dungeon Crawl Stone Soup version 0.22.1-1-ga44c0e5 (webtiles) character file.

1662 Folque the Slinger (level 9, -2/58 HPs)
             Began as a Halfling Hunter on Sept 25, 2018.
             Was a Follower of Zin.
             Slain by an orc warrior
             ... wielding a +0 trident
              (11 damage)
             ... on level 6 of the Dungeon.
             The game lasted 00:32:45 (6603 turns).

Folque the Slinger (Halfling Hunter)                Turns: 6603, Time: 00:32:47

Health: -2/58      AC:  5    Str: 13    XL:     9   Next: 20%
Magic:  12/12      EV: 19    Int:  9    God:    Zin [*.....]
Gold:   52         SH:  0    Dex: 18    Spells: 8/8 levels left

rFire    . . .     SeeInvis .   w - +1 hunting sling
rCold    . . .     Gourm    .   (shield restricted)
rNeg     . . .     Faith    .   c - +0 leather armour
rPois    .         Spirit   .   C - +1 helmet
rElec    .         Reflect  .   (no cloak)
rCorr    .         Harm     .   (no gloves)
MR       .....                  (no boots)
Stlth    ++........             (no amulet)
HPRegen  0.19/turn              (no ring)
MPRegen  0.13/turn              (no ring)

@: no status effects
A: small, mutation resistance 1
a: Recite, Donate Gold, Renounce Religion


You were on level 6 of the Dungeon.
You worshipped Zin.
Zin was aware of your devotion.
You were not hungry.

You visited 2 branches of the dungeon, and saw 7 of its levels.

You collected 311 gold pieces.
You spent 99 gold pieces at shops.
You donated 160 gold pieces to Zin.

Inventory:

Hand Weapons
 e - a +0 rapier
 w - a +1 hunting sling (weapon)
Missiles
 a - 68 stones
 b - 5 tomahawks
 q - 74 sling bullets (quivered)
 t - 26 poisoned needles
Armour
 c - a +0 leather armour (worn)
 C - a +1 helmet (worn)
 D - a +1 robe of magic resistance
Jewellery
 l - an uncursed ring of fire {unknown}
Wands
 y - a wand of iceblast (4)
Scrolls
 d - 2 scrolls of amnesia
 i - a scroll of identify
 j - a scroll of fear
 k - 2 scrolls of teleportation
 o - a scroll of random uselessness
 p - a scroll of remove curse
 z - 2 scrolls of blinking
Potions
 g - a potion of lignification
 h - a potion of agility {unknown}
 n - a potion of flight {unknown}
 v - a potion of magic
 A - a potion of mutation {unknown}
 B - a potion of ambrosia
Comestibles
 f - 10 rations


   Skills:
 - Level 4.0 Fighting
 - Level 4.1 Short Blades
 - Level 10.3 Slings
 + Level 2.7 Armour
 + Level 6.6 Dodging
 - Level 1.1 Stealth
 * Level 4.1 Invocations


You had 8 spell levels left.
You didn't know any spells.
Your spell library contained the following spells:

 Spells                   Type           Power        Failure   Level  Hunger
 Animate Skeleton         Necr           N/A          45%         1    ##.....
 Corona                   Hex            #......      45%         1    ##.....
 Pain                     Necr           #...         45%         1    ##.....
 Ensorcelled Hibernation  Hex/Ice        #.....       61%         2    ###....
 Confuse                  Hex            #.......     83%         3    ####...
 Dazzling Spray           Conj/Hex       #.....       83%         3    ####...
 Regeneration             Chrm/Necr      #.........   83%         3    ####...
 Tukima's Dance           Hex            #.......     83%         3    ####...
 Vampiric Draining        Necr           #.........   83%         3    ####...
 Animate Dead             Necr           N/A          99%         4    #####..


Dungeon Overview and Level Annotations

Branches:
Dungeon (6/15)             Temple (1/1) D:6

Altars:
Ashenzari
Cheibriados
Dithmenos
Elyvilon
Fedhas
Gozag
Hepliaklqana
Kikubaaqudgha
Makhleb
Nemelex Xobeh
Okawaru
Qazlal
Ru
Sif Muna
Trog
Uskayaw
Vehumet
Wu Jian
Xom
Yredelemnul
Zin
The Shining One

Shops:
D:5 !

Annotations:
D:4 2 transporters, Dowan; Duvessa; Irenicus's ghost, amateur OpCK


Innate Abilities, Weirdness & Mutations

You are small and have problems with some larger weapons.
You are somewhat resistant to further mutation.


Message History

You feel better. The orc warrior closely misses you.
Firing (i - inventory. (/) - cycle)
q - 75 sling bullets (quivered)
Press: ? - help, Shift-Dir - straight line, f/p - orc priest
Aim: an orc priest, wielding a hand axe and wearing a ring mail (severely You shoot a sling bullet.
The sling bullet barely misses the orc priest.
The orc warrior hits you from afar with a trident!
* * * LOW HITPOINT WARNING * * *
Okay, then.
Evoke which item? (* to show all) (? for menu, Esc to quit)
Aiming: Iceblast
Press: ? - help, Shift-Dir - straight line, f/p - orc priest
Aim: an orc priest, wielding a hand axe and wearing a ring mail (severely The mass of ice explodes!
The iceblast engulfs the orc priest.
You kill the orc priest!
The iceblast engulfs the orc warrior.
The orc warrior is moderately wounded.
You hear a shout! x3
The orc warrior hits you from afar with a trident!
You die...

#.. #.# #.# #.# #.
#.#####.)
....###....(((#
#...........(.)((#
#.#.########.###.##
#.#.##...@.o...(..#
#.#.##.....)......#
#.#.##..#######...#
#...##..# ...#
#..>##..# ..#
#)..##..###### .?#
#..[.........[ ...
##).##..##..## #
#.)##..##..###.#


You could see an orc warrior.

Vanquished Creatures
  Prince Ribbit (D:5)
  Sigmund (D:5)
  A hungry ghost (D:6)
  Edmund (D:5)
  An orc warrior (D:6)
  2 ogres (D:6)
  A centaur (D:4)
  A bullfrog (D:6)
  A scorpion (D:4)
  A howler monkey (D:5)
  A crimson imp (D:5)
  A hound (D:5)
  2 orc priests (D:6)
  Jessica (D:2)
  2 iguanas (D:4)
  2 orc wizards
  3 worker ants
  A hound zombie (D:6)
  A howler monkey skeleton (D:4)
  9 adders
  3 shadow imps
  An ooze (D:2)
  2 worms (D:3)
  2 dart slugs
  4 leopard geckos
  7 orcs
  4 giant cockroaches
  9 hobgoblins
  4 jackals (D:5)
  7 quokkas
  A ball python skeleton (D:5)
  9 bats
  4 frilled lizards
  14 goblins
  A jackal skeleton (D:4)
  8 kobolds
  6 rats
120 creatures vanquished.

Notes
Turn   | Place    | Note
-------+----------+-------------------------------------------
     0 | D:1      | Folque the Halfling Hunter began the quest for the Orb.
     0 | D:1      | Reached XP level 1. HP: 14/14 MP: 1/1
     6 | D:1      | Reached skill level 6 in Slings
   193 | D:1      | Reached XP level 2. HP: 18/19 MP: 2/2
   598 | D:1      | Reached XP level 3. HP: 16/24 MP: 3/3
  1018 | D:2      | Reached XP level 4. HP: 20/30 MP: 4/4
  1088 | D:2      | Reached skill level 7 in Slings
  1349 | D:2      | Noticed Jessica
  1376 | D:2      | Killed Jessica
  1376 | D:2      | Reached skill level 1 in Short Blades
  1376 | D:2      | Reached skill level 1 in Armour
  1376 | D:2      | Reached XP level 5. HP: 16/36 MP: 5/5
  1775 | D:3      | Found a blossoming altar of Fedhas.
  1865 | D:3      | Reached skill level 8 in Slings
  1917 | D:3      | Reached XP level 6. HP: 41/42 MP: 6/6
  2386 | D:4      | Found a transporter.
  2388 | D:4      | Found a transporter.
  2388 | D:4      | Noticed Irenicus's ghost (amateur OpCK)
  2786 | D:4      | Reached skill level 9 in Slings
  2820 | D:4      | Reached XP level 7. HP: 23/46 MP: 7/7
  2983 | D:4      | Noticed Duvessa
  2989 | D:4      | Noticed Dowan
  3995 | D:5      | Entered Level 5 of the Dungeon
  4112 | D:5      | Noticed Sigmund
  4154 | D:5      | Killed Sigmund
  4195 | D:5      | Noticed Prince Ribbit
  4248 | D:5      | Killed Prince Ribbit
  4248 | D:5      | Reached skill level 10 in Slings
  4248 | D:5      | Reached skill level 5 in Dodging
  4248 | D:5      | Reached XP level 8. HP: 30/54 MP: 8/8
  4592 | D:5      | Noticed Edmund
  5098 | D:5      | Found Tiuroass's Distillery.
  5106 | D:5      | Bought a potion of might for 44 gold pieces
  5106 | D:5      | Bought a potion of heal wounds for 55 gold pieces
  5214 | D:5      | Killed Edmund
  5409 | D:6      | Found a staircase to the Ecumenical Temple.
  5413 | Temple   | Entered the Ecumenical Temple
  5465 | Temple   | Became a worshipper of Zin the Law-Giver
  5465 | Temple   | Reached * piety under Zin
  5937 | D:6      | Reached skill level 1 in Invocations
  6012 | D:6      | Donated 86 gold pieces to Zin
  6374 | D:6      | Reached XP level 9. HP: 55/58 MP: 9/11
  6554 | D:6      | Donated 53 gold pieces to Zin
  6603 | D:6      | Slain by an orc warrior

Skill      XL: |  1  2  3  4  5  6  7  8  9 |
---------------+----------------------------+-----
Slings         | 6 7 8 9 10 | 10.3
Fighting       | 2 3 4 |  4.0
Short Blades   | 1 2 3 4 |  4.1
Armour         | 1 2 |  2.7
Dodging        | 5 6 |  6.6
Invocations    | 3 4 |  4.1
Stealth        | |  1.1

Action                   |  1- 3 |  4- 6 |  7- 9 || total
-------------------------+-------+-------+-------++-------
Melee: Short sword       |   150 |   118 |       ||   268
       Rapier            |       |    44 |   194 ||   238
       Dagger            |       |    41 |       ||    41
 Fire: Hunting sling     |    10 |    69 |   137 ||   216
Invok: Recite            |       |       |     5 ||     5
       Donate Gold       |       |       |     2 ||     2
Evoke: Wand              |       |       |     1 ||     1
  Use: Scroll            |       |     2 |    13 ||    15
       Potion            |       |     2 |     6 ||     8
 Stab: Sleeping          |       |     1 |       ||     1
       Confused          |       |       |     1 ||     1
  Eat: Chunk             |     1 |     5 |    10 ||    16
       Ration            |       |       |     2 ||     2
Armor: Leather armour    |    70 |    41 |    21 ||   132
Dodge: Dodged            |   152 |   156 |   143 ||   451
